 Dungeon Crawl Stone Soup version 0.19.3-1-g3169bf9 (webtiles) character file.

35 Kullungy the Firebug (level 3, -6/21 HPs)
             Began as a High Elf Fire Elementalist on Jan 25, 2017.
             Mangled by a gnoll
             ... wielding a +0 spear
              (8 damage)
             ... on level 2 of the Dungeon.
             The game lasted 00:10:52 (1164 turns).

Kullungy the Firebug (High Elf Fire Elementalist)   Turns: 1164, Time: 00:10:53

Health: -6/21      AC:  2    Str:  7    XL:     3   Next: 17%
Magic:  1/8        EV: 13    Int: 19    God:
Gold:   56         SH:  0    Dex: 16    Spells: 1 memorised, 6 levels left

rFire  . . .     SeeInvis .     o - +4 short sword
rCold  . . .     Gourm    .     r - +0 robe
rNeg   + . .     Faith    .     (no shield)
rPois  .         Spirit   .     (no helmet)
rElec  .         Reflect  .     (no cloak)
rCorr  .         Harm     .     (no gloves)
MR     .....                    (no boots)
Stlth  ++........               (no amulet)
                                (no ring)
                                p - ring of positive energy

@: no status effects
A: no striking features
a: no special abilities


You were on level 2 of the Dungeon.
You were full.

You visited 1 branch of the dungeon, and saw 2 of its levels.

You collected 56 gold pieces.

Inventory:

Hand Weapons
 k - a +0 club
 l - a +0 dagger
 o - a +4 short sword (weapon)
Missiles
 e - 47 arrows
 g - 14 poisoned needles
 h - 42 stones (quivered)
 n - 12 bolts
Armour
 a - a +0 robe
 m - a +0 leather armour
 r - a +0 robe (worn)
 t - a +0 shield
Jewellery
 p - a ring of positive energy (left hand)
Scrolls
 i - a scroll of blinking {unknown}
 j - a scroll of teleportation {unknown}
 u - a scroll of remove curse {unknown}
Potions
 d - 2 potions of curing {unknown}
 q - a potion of heal wounds {unknown}
 s - a potion of resistance {unknown}
Books
 b - a book of Flames

   Spells                             Type                      Level
   a - Flame Tongue                   Conjuration/Fire             1
   b - Throw Flame                    Conjuration/Fire             2
   c - Conjure Flame                  Conjuration/Fire             3
   d - Inner Flame                    Hexes/Fire                   3
   e - Sticky Flame                   Conjuration/Fire             4
   f - Fireball                       Conjuration/Fire             5
Comestibles
 c - a bread ration
 f - a meat ration


   Skills:
 + Level 0.2 Fighting
 + Level 2.2 Dodging
 + Level 2.3 Stealth
 + Level 0.2 Unarmed Combat
 + Level 2.8 Spellcasting
 + Level 1.8 Conjurations
 + Level 3.5 Fire Magic


You had 6 spell levels left.
You knew the following spells:

 Your Spells              Type           Power        Failure   Level  Hunger
a - Flame Tongue          Conj/Fire      ##...        8%          1    None


Dungeon Overview and Level Annotations

Branches:
Dungeon (2/15)

Altars:


Message History

Confirm with . or Enter, or press ? or * to list all spells.
Aiming: Flame Tongue
Press: ? - help, Shift-Dir - straight line, f/p - gnoll
Aim: a gnoll, wielding a spear (lightly wounded)
The flame tongue hits the gnoll.
The gnoll is heavily wounded.
The gnoll hits you from afar with a spear.
Casting: Flame Tongue
Confirm with . or Enter, or press ? or * to list all spells.
Aiming: Flame Tongue
Press: ? - help, Shift-Dir - straight line, f/p - gnoll
Aim: a gnoll, wielding a spear (heavily wounded)
The flame tongue hits the gnoll.
The gnoll appears unharmed.
The gnoll is heavily wounded.
The gnoll hits you from afar with a spear.
* * * LOW HITPOINT WARNING * * *
The gnoll hits you with a flail.
* * * LOW HITPOINT WARNING * * *
The gnoll hits you from afar with a spear!
You die...

.......# ......# ......
.... .g. ##### #g#
#####...###.#
#.........@.#...
#.###.......g......
###.###....#......... #
........#.+......... ..
.#.####'###....#######.# .
#...........###.. ..#.###..
#...............###.#......
#.###.......###............
#.........†.†..............


You could see 3 gnolls.

Vanquished Creatures
  A gnoll (D:2)
  A worm (D:2)
  A leopard gecko (D:1)
  5 bats
  2 giant cockroaches
  A goblin (D:1)
  3 hobgoblins
  3 kobolds
  A ball python (D:2)
  A frilled lizard (D:1)
  4 rats
23 creatures vanquished.

Notes
Turn   | Place    | Note
-------+----------+-------------------------------------------
     0 | D:1      | Kullungy the High Elf Fire Elementalist began the quest for the Orb.
     0 | D:1      | Reached XP level 1. HP: 11/11 MP: 4/4
   356 | D:1      | Reached XP level 2. HP: 17/17 MP: 2/6
  1160 | D:2      | Reached XP level 3. HP: 21/21 MP: 4/8
  1164 | D:2      | Mangled by a gnoll

Action                   || total
-------------------------++-------
Melee: Unarmed           ||    21
       Short sword       ||     4
 Cast: Flame Tongue      ||    47
  Eat: Meat ration       ||     1
Armor: Robe              ||     8
Dodge: Dodged            ||    27
